 Dungeon Crawl Stone Soup version 0.30-a0-591-g3c58d2bc28 (webtiles) character file.

Game seed: 10285049266069167055

199 Dirtsage the Changer (level 5, -1/33 HPs)
             Began as an Octopode Transmuter on Jan 4, 2023.
             Slain by a gnoll
             ... wielding a +0 whip
              (4 damage)
             ... on level 2 of the Dungeon.
             The game lasted 00:03:00 (1758 turns).

Dirtsage the Changer (Octopode Transmuter)          Turns: 1758, Time: 00:03:01

Health: -1/33      AC:  1    Str:  9    XL:     5   Next: 77%
Magic:  8/8        EV: 13    Int: 18    God:
Gold:   128        SH:  0    Dex: 12    Spells: 7/8 levels left

rFire   . . .      SeeInvis .    i - +5 dagger of Covo {venom, rElec rCorr}
rCold   . . .      Faith    .    (no shield)
rNeg    . . .      Spirit   .    (helmet restricted)
rPois   .          Reflect  .    (no amulet)
rElec   +          Harm     .    C - ring of resist corrosion
rCorr   +          Rampage  .    (no ring)
Will    .....                    (no ring)
Stlth   ++                       (no ring)
HPRegen 0.25/turn                (no ring)
MPRegen 0.11/turn                (no ring)
                                 (no ring)
                                 (no ring)

@: no status effects
A: almost no armour, amphibious, 8 rings, camouflage 1, gelatinous body 1,
(nimble swimmer 1), tentacles
a: no special abilities


You were on level 2 of the Dungeon.
You visited 1 branch of the dungeon, and saw 2 of its levels.

You collected 128 gold pieces.

Inventory:

Hand Weapons
 i - the +5 dagger of Covo (weapon) {venom, rElec rCorr}
   (You found it on level 2 of the Dungeon)

   rElec:     It insulates you from electricity.
   rCorr:     It protects you from acid and corrosion.
Missiles
 j - a throwing net
Jewellery
 C - a ring of resist corrosion (left tentacle)
Wands
 l - a wand of flame (10)
 n - a wand of light (7)
Scrolls
 b - 3 scrolls of teleportation {unknown}
 e - a scroll of silence {unknown}
 g - 2 scrolls of enchant armour {unknown}
 h - 2 scrolls of identify {unknown}
Potions
 a - 2 potions of lignification
 c - 2 potions of attraction {unknown}
 d - a potion of heal wounds {unknown}
 f - a potion of curing {unknown}
 k - a potion of cancellation {unknown}
 m - a potion of mutation {unknown}
 o - a potion of haste {unknown}


   Skills:
 - Level 1.0 Fighting
 - Level 2.0 Dodging
 - Level 3.0 Unarmed Combat
 - Level 2.0 Spellcasting
 * Level 4.3 Transmutations
 * Level 3.6 Ice Magic


You had 7 spell levels left.
You knew the following spells:

 Your Spells              Type           Power      Damage    Failure   Level
a - Beastly Appendage     Tmut           34%        N/A       3%          1

Your spell library contained the following spells:

 Spells                   Type           Power      Damage    Failure   Level
 Wereblood                Tmut           17%        N/A       4%          2
 Spider Form              Tmut/Pois      9%         N/A       22%         3
 Ice Form                 Ice/Tmut       16%        N/A       34%         4


Dungeon Overview and Level Annotations

Branches:
Dungeon (2/15)

Altars:


Innate Abilities, Weirdness & Mutations

You cannot wear most types of armour.
You are amphibious.
You can wear up to eight rings at the same time.
Your skin changes colour to match your surroundings (Stealth+).
Your rubbery body absorbs attacks. (AC +1, EV +1)
((You are camouflaged when in or above water. (Stealth+)))
You have tentacles for arms and can constrict up to eight enemies at once.


Message History

The gnoll closely misses you.
You hit the gnoll. You grab the gnoll.
The gnoll is severely wounded.
You constrict the gnoll.
You kill the gnoll!
The gnoll hits you with a +0 club.
You take 1 damage, and have 32/33 hp.
You puncture the gnoll!
The gnoll is poisoned.
Your grab misses the gnoll.
The gnoll is heavily wounded.
The gnoll hits you with a +0 club.
You take 4 damage, and have 28/33 hp.
You closely miss the gnoll. You grab the gnoll. You squeeze the gnoll.
You kill the gnoll!
Jessica mumbles something strange.
A gnoll comes into view. It is wielding a +0 whip.
You see here a +0 club.
You barely miss Jessica. Your grab misses Jessica.
Jessica hits you with a +0 club.
A gnoll comes into view. It is wielding a +0 halberd.
You take 4 damage, and have 25/33 hp.
You hit Jessica. You grab Jessica.
Jessica is moderately wounded.
You constrict Jessica.
Jessica mumbles some strange words.
Jessica seems to speed up.
The gnoll hits you with a +0 whip! The gnoll completely misses you.
You take 8 damage, and have 17/33 hp.
MASSIVE DAMAGE!!
You are too injured to fight recklessly!
You hit Jessica.
Jessica is poisoned.
Jessica is heavily wounded.
You constrict Jessica. Jessica hits you with a +0 club!
* * * LOW HITPOINT WARNING * * *
The gnoll hits you with a +0 whip!
* * * LOW HITPOINT WARNING * * *
The gnoll closely misses you.
You take 15 damage, and have 2/33 hp.
MASSIVE DAMAGE!!
You hit Jessica.
You kill Jessica!
The gnoll hits you with a +0 whip.
You die...

#...##........ .....#.#####.###.#
......†.†......#.# #.#
.....#.####.##.#.# #.# ####
#...##.####.## #.# #.. ....
##.###........ ..# #.# #. ##.#
#.####.## #.# #.# ##.###.####.#
#)# #.# ..>##.......#
#@###(######## .####..####.#
#g.).....(....
...............g..##...##########
.####..#......#...##.............
.# #..#.##.. ##.............####
.# #..#.##.. .......######.# .#
#..#.## .#.##...# #.#
.####.....######.###..# #.#
.................# #..# #.# #


You could see 2 gnolls.

Vanquished Creatures
  Jessica (D:2)
  Natasha (thrice) (D:2)
  2 gnolls (D:2)
  5 adders (D:2)
  2 dart slugs
  4 endoplasms
  4 giant cockroaches
  5 hobgoblins (D:1)
  4 jackals (D:1)
  A quokka (D:1)
  3 ball pythons
  6 bats
  4 frilled lizards
  6 goblins
  6 kobolds
  3 rats (D:1)
59 creatures vanquished.

Notes
Turn   | Place    | Note
-------+----------+-------------------------------------------
     0 | D:1      | Dirtsage the Octopode Transmuter began the quest for the
                  | Orb.
     0 | D:1      | Reached XP level 1. HP: 13/13 MP: 3/3
   107 | D:1      | Reached skill level 1 in Ice Magic
   107 | D:1      | Reached XP level 2. HP: 17/18 MP: 5/5
   329 | D:1      | Reached XP level 3. HP: 23/23 MP: 6/6
   696 | D:1      | Reached skill level 3 in Transmutations
  1033 | D:2      | Noticed Natasha
  1041 | D:2      | Killed Natasha
  1042 | D:2      | Reached XP level 4. HP: 22/28 MP: 7/7
  1071 | D:2      | Identified the +5 dagger of Covo {venom, rElec rCorr}
  1115 | D:2      | Noticed Natasha
  1122 | D:2      | Killed Natasha
  1149 | D:2      | Reached XP level 5. HP: 33/33 MP: 6/8
  1366 | D:2      | Reached skill level 4 in Transmutations
  1549 | D:2      | Noticed Natasha
  1559 | D:2      | Killed Natasha
  1749 | D:2      | Noticed Jessica
  1758 | D:2      | Killed Jessica
  1758 | D:2      | Slain by a gnoll

Illustrated notes

Levels and vault maps discovered:
D:1:      dpeg_arrival_erosion, layout_loops_ring
D:2:      layout_loops_ring, wander_ebering_terrifying_dragon_lair,
          uniq_natasha, uniq_jessica

Skill      XL: |  1  2  3  4  5 |
---------------+----------------+-----
Ice Magic      | 1 2 3 |  3.6
Transmutations | 3 4 |  4.3
Fighting       | |  1.0
Dodging        | |  2.0
Unarmed Combat | |  3.0
Spellcasting   | |  2.0

Action                   |  1- 3 |  4- 6 || total
-------------------------+-------+-------++-------
Melee: Unarmed           |    95 |     5 ||   100
       Constrict         |    26 |    10 ||    36
       Tentacles         |    16 |     5 ||    21
       Punch             |     4 |       ||     4
       Kick              |     2 |     3 ||     5
       Dagger            |       |    36 ||    36
 Cast: Beastly Appendage |     2 |     3 ||     5
 Stab: Sleeping          |     9 |     4 ||    13
Armor: Skin              |    13 |     2 ||    15
Dodge: Dodged            |    65 |    19 ||    84

Table legend: (Time is in decaauts)
 A = Elapsed time spent in this place.
 B = Non-inter-level travel time spent in this place.
 C = Inter-level travel time spent in this place.
 D = Time resting spent in this place.
 E = Time spent auto-exploring this place.
 F = Levels seen in this place.
 G = Mean time per level.
                   A        B        C        D        E       F      G
               +--------+--------+--------+--------+--------+-----+--------+
         Total |   1767 |   1706 |     61 |      0 |   1371 |   2 |  883.5 |
       Dungeon |   1767 |   1706 |     61 |      0 |   1371 |   2 |  883.5 |
               +--------+--------+--------+--------+--------+-----+--------+

Top non-repeatable levels by time:
     D:1: 957 daAuts
     D:2: 810 daAuts
